 Dungeon Crawl Stone Soup version 0.31.0-32-g396128a36d (webtiles) character file.

Game seed: 777087375342330343

92 AdnanSaban the Shield-Bearer (level 4, -11/29 HPs)
             Began as a Gargoyle Fighter on Apr 19, 2024.
             Mangled by an ogre
             ... wielding a +0 giant club
              (25 damage)
             ... on level 4 of the Dungeon.
             The game lasted 00:01:51 (1956 turns).

AdnanSaban the Shield-Bearer (Gargoyle Fighter)     Turns: 1956, Time: 00:01:52

Health: -11/29     AC: 15    Str: 21    XL:     4   Next: 60%
Magic:  4/4        EV:  6    Int:  9    God:
Gold:   171        SH:  4    Dex:  9    Spells: 3/3 levels left

rFire   . . .        a - +0 flail
rCold   . . .        c - +0 buckler
rNeg    + . .        j - +0 plate armour
rPois   ∞            (no helmet)
rElec   +            (no cloak)
rCorr   .            (no gloves)
SInv    .            (no boots)
Will    .....        (no amulet) Stlth
                     (no ring)
HPRegen 0.24/turn    (no ring)
MPRegen 0.09/turn

%: no passive effects
@: no status effects
A: sickness immunity, AC +3, negative energy resistance 1, electricity
resistance, torment resistance 1, petrification resistance
a: no special abilities


You were on level 4 of the Dungeon.
You visited 1 branch of the dungeon, and saw 4 of its levels.

You collected 171 gold pieces.

Inventory:

Hand Weapons
 a - a +0 flail (weapon)
Missiles
 m - a throwing net (quivered)
 q - 2 atropa-tipped darts
Armour
 c - a +0 buckler (worn)
 j - a +0 plate armour (worn)
Scrolls
 e - a scroll of silence {unknown}
 h - 2 scrolls of teleportation {unknown}
 i - 3 scrolls of identify {unknown}
 k - 2 scrolls of revelation {unknown}
 l - a scroll of enchant armour {unknown}
 o - a scroll of amnesia {unknown}
 p - a scroll of blinking {unknown}
 r - a scroll of poison {unknown}
 t - a scroll of immolation {unknown}
Potions
 b - a potion of berserk rage {unknown}
 d - 2 potions of might
 f - a potion of degeneration {unknown}
 g - a potion of brilliance {unknown}
 n - 2 potions of mutation {unknown}
 s - a potion of magic {unknown}


   Skills:
 + Level 3.7 Fighting
 + Level 3.3 Maces & Flails
 + Level 3.9 Armour
 + Level 0.1 Dodging
 + Level 3.9 Shields


You had 3 spell levels left.
You didn't know any spells.
Your spell library was empty.

Dungeon Overview and Level Annotations

Branches:
Dungeon (4/15)
 Temple: D:4-7

Altars:
Dithmenos
Ru
Xom
Zin


Innate Abilities, Weirdness & Mutations

You are immune to sickness and miasma.
Your stone body is resilient. (AC +3)
You are immune to poison.
You resist negative energy. (rN+)
You are resistant to electric shocks. (rElec)
You are resistant to unholy torment.
You are immune to petrification.


Message History

You are too injured to fight recklessly!
You are too injured to fight recklessly!
You are too injured to fight recklessly!
You are too injured to fight recklessly!
You are too injured to fight recklessly!
You are too injured to fight recklessly!
You are too injured to fight recklessly!
You are too injured to fight recklessly!
You are too injured to fight recklessly!
You are too injured to fight recklessly!
You are too injured to fight recklessly!
You are too injured to fight recklessly!
You are too injured to fight recklessly!
You are too injured to fight recklessly!
You are too injured to fight recklessly!
You are too injured to fight recklessly!
You are too injured to fight recklessly!
You are too injured to fight recklessly!
You are too injured to fight recklessly!
You are too injured to fight recklessly!
You are too injured to fight recklessly!
You are too injured to fight recklessly!
You are too injured to fight recklessly!
You are too injured to fight recklessly!
You are too injured to fight recklessly!
You are too injured to fight recklessly!
You are too injured to fight recklessly!
You are too injured to fight recklessly!
You are too injured to fight recklessly!
You are too injured to fight recklessly!
You are too injured to fight recklessly!
You are too injured to fight recklessly!
You are too injured to fight recklessly!
You hit the ogre but do no damage.
The ogre is heavily wounded.
You hit the ogre.
The ogre is heavily wounded.
The ogre hits you with a +0 giant club!!
Ouch! That really hurt!
You die...

#.##.....# . ......
.......<.## ##. ......
..........#####.# ......
............#.#.###......
..........##O.#..........
..................†...#
........#.#.#.#.......##
.....###.....##O......#.
####. .........@........
.......#....#......#. P
....##....#$....##
...................
.......##......... .....
.......... ....
........... ....
.......>.## ...........


You could see an ogre.

Vanquished Creatures
  2 adders (D:3)
  A dart slug (D:1)
  5 bats
  5 endoplasms
  3 giant cockroaches
  9 goblins
  2 hobgoblins
  12 jackals
  7 kobolds
  5 quokkas
  3 ball pythons
  2 frilled lizards (D:1)
  4 rats
60 creatures vanquished.

Vanquished Creatures (others)
  A rat (D:3)
1 creature vanquished.

Grand Total: 61 creatures vanquished

Notes
Turn   | Place    | Note
-------+----------+-------------------------------------------
     0 | D:1      | AdnanSaban the Gargoyle Fighter began the quest for the
                  | Orb.
     0 | D:1      | Reached XP level 1. HP: 14/14 MP: 1/1
    90 | D:1      | Reached XP level 2. HP: 10/19 MP: 2/2
   553 | D:1      | Reached XP level 3. HP: 23/23 MP: 3/3
  1076 | D:2      | Found a sacrificial altar of Ru.
  1415 | D:3      | Found a shadowy altar of Dithmenos.
  1496 | D:3      | Reached XP level 4. HP: 28/28 MP: 4/4
  1674 | D:3      | Found a glowing silver altar of Zin.
  1681 | D:3      | Noticed an angel
  1834 | D:3      | Found a shimmering altar of Xom.
  1888 | D:4      | Noticed an ogre
  1956 | D:4      | Mangled by an ogre

Illustrated notes

Levels and vault maps discovered:
D:1:      heliophobic_arrival_ceremonial_halls, layout_basic
D:2:      layout_basic, basic_altar
D:3:      layout_rooms, grunt_temple_overflow_order_and_chaos_1,
          grunt_dithmenos_smoke, reono_crystal_passage
D:4:      layout_cave_pools, trog_ov_bears_minmay, mainiacjoe_overflow_24_doors,
          minmay_temple_entry_enclosed_plants, nicolae_shop_fire_sale
          [nicolae_sub_dead_trees], nicolae_shop_clearance

Skill      XL: |  1  2  3 |
---------------+----------+-----
Maces & Flails | 3 |  3.3
Fighting       | |  3.7
Armour         | |  3.9
Dodging        | |  0.1
Shields        | |  3.9

Action                     |  1- 3 |  4- 6 || total
---------------------------+-------+-------++-------
  Melee: Flail             |   129 |    80 ||   209
 Armour: Scale mail        |     7 |       ||     7
         Plate armour      |   120 |    87 ||   207
  Dodge: Dodged            |    54 |    37 ||    91
  Block: Buckler           |    36 |    22 ||    58
